 Seeded DCSS version 0.29-a0-268-g5627465 (webtiles) character file.

Game seed: 8611342615672505061 (custom seed)

84 edsrzf the Conjurer (level 4, -2/30 HPs)
             Began as a Demonspawn Conjurer on Mar 6, 2022.
             Slain by a phantom (6 damage)
             ... on level 3 of the Dungeon.
             The game lasted 00:06:36 (3453 turns).

edsrzf the Conjurer (Demonspawn Conjurer)           Turns: 3453, Time: 00:06:37

Health: -2/30      AC:  4    Str: 10    XL:     4   Next: 24%
Magic:  16/16      EV: 12    Int: 19    God:
Gold:   157        SH:  0    Dex: 11    Spells: 6/7 levels left

rFire   . . .      SeeInvis .   g - +0 dagger (drain)
rCold   . . .      Faith    .   (no shield)
rNeg    . . .      Spirit   .   a - +0 robe
rPois   .          Reflect  .   (helmet restricted)
rElec   .          Harm     .   (no cloak)
rCorr   .          Rampage  .   (no gloves)
Will    .....                   (no boots)
Stlth   ++........              (no amulet)
HPRegen 0.10/turn               m - ring of magical power
MPRegen 0.15/turn               (no ring)

@: no status effects
A: antennae 1, icy blue scales 1
a: no special abilities


You were on level 3 of the Dungeon.
You visited 1 branch of the dungeon, and saw 4 of its levels.

You collected 157 gold pieces.

Inventory:

Hand Weapons
 g - a +0 dagger of draining (weapon)
 j - the +5 short sword of Irritation {antimagic, Drain rN+++ Int+4 Stlth+}
   (You took it off a goblin on level 2 of the Dungeon)

   It reduces the magical energy of the wielder, and disrupts the spells and
   magical abilities of those it strikes.
   Natural abilities and divine invocations are not affected.
   Int:       It affects your intelligence (+4).
   rN:        It renders you almost immune to negative energy.
   Drain:     It drains your maximum health when unequipped.
   Stlth:     It makes you more stealthy.
Missiles
 f - a throwing net {=f}
Armour
 a - a +0 robe (worn)
Jewellery
 m - a ring of magical power (left hand)
Scrolls
 i - 2 scrolls of identify {unknown}
 k - a scroll of fog {unknown}
 l - a scroll of blinking {unknown}
Potions
 b - a potion of magic
 c - a potion of curing {unknown}
 d - 2 potions of resistance {unknown}
 e - 2 potions of ambrosia {unknown}
 h - a potion of brilliance {unknown}


   Skills:
 - Level 1.7 Dodging
 - Level 1.7 Stealth
 - Level 2.0 Spellcasting
 + Level 5.8 Conjurations


You had 6 spell levels left.
You knew the following spells:

 Your Spells              Type           Power      Damage    Failure   Level
X - Magic Dart            Conj           96%        1d7       1%          1

Your spell library contained the following spells:

 Spells                   Type           Power      Damage    Failure   Level
 Searing Ray              Conj           48%        2d6       2%          2
 Dazzling Flash           Conj/Hex       24%        N/A       16%         3
 Fulminant Prism          Conj/Hex       6%         3d7       45%         4
 Iskenderun's Mystic Bla  Conj/Tloc      12%        2d5       45%         4


Dungeon Overview and Level Annotations

Branches:
Dungeon (4/15)
 Temple: D:4-7

Altars:

Annotations:
D:4 Dowan, Duvessa


Innate Abilities, Weirdness & Mutations

You have a pair of small antennae on your head.
You are partially covered in icy blue scales. (AC +2)


Message History

Confirm with . or Enter, or press ? or * to list all spells.
The magic dart hits the hobgoblin.
The hobgoblin is almost dead.
No target in view!
Casting: Magic Dart (safe; 1% risk of failure)
Confirm with . or Enter, or press ? or * to list all spells.
The magic dart hits the hobgoblin.
You kill the hobgoblin!
You now have 119 gold pieces (gained 5).
Things that are here:
a +0 club; a hobgoblin corpse
Things that are here:
a +0 dagger; a +0 club A bat comes into view.
Casting: Magic Dart (safe; 1% risk of failure)
Confirm with . or Enter, or press ? or * to list all spells.
The magic dart hits the bat.
The bat is moderately wounded.
Casting: Magic Dart (safe; 1% risk of failure)
Confirm with . or Enter, or press ? or * to list all spells.
The magic dart hits the bat.
You kill the bat!
A frilled lizard comes into view.
Found a stone staircase leading down.
The frilled lizard hisses angrily.
Casting: Magic Dart (safe; 1% risk of failure)
Confirm with . or Enter, or press ? or * to list all spells.
The magic dart hits the frilled lizard.
You kill the frilled lizard!
You see here a frilled lizard corpse.
An orc comes into view. It is wielding a +0 short sword.
Found 19 gold pieces.
Casting: Magic Dart (safe; 1% risk of failure)
Confirm with . or Enter, or press ? or * to list all spells.
The magic dart hits the orc.
The orc is almost dead.
The orc shouts!
Casting: Magic Dart (safe; 1% risk of failure)
Confirm with . or Enter, or press ? or * to list all spells.
The magic dart hits the orc.
You kill the orc!
Things that are here:
a +0 short sword; an orc corpse You now have 138 gold pieces (gained 19).
You now have 157 gold pieces (gained 19).
Found 20 stones.
You see here 20 stones.
Things that are here:
a +0 club; a hobgoblin skeleton
Found a robe.
You see here a +0 robe.
Done exploring.
Done exploring.
(D) Dungeon
Where to? (Enter - D:2 @ (x,y), ? - help)
There is a stone staircase leading down here.
You climb downwards.
There is a stone staircase leading up here.
There are monsters nearby!
The helpless Dowan fails to defend himself.
You hit Dowan.
Dowan is moderately wounded.
Dowan hits you with a +0 dagger.
Duvessa gestures with her weapon.
The ball python hisses angrily.
The phantom closely misses you. Dowan hits you with a +0 dagger.
You climb upwards.
There is a stone staircase leading down here.
The phantom attacks as you move away! The phantom closely misses you.
The phantom attacks as you move away! The phantom misses you.
You barely miss the phantom. The phantom closely misses you.
You hit the phantom but do no damage. The phantom hits you.
The phantom blinks!
You blink.
You closely miss the phantom. The phantom hits you.
The phantom blinks!
You blink.
You miss the phantom. Your punch misses the phantom. The phantom hits you!
The phantom blinks!
You blink.
The phantom attacks as you move away! The phantom closely misses you.
The phantom attacks as you move away! The phantom barely misses you.
The phantom attacks as you move away! The phantom hits you.
* * * LOW HITPOINT WARNING * * *
The phantom attacks as you move away! The phantom hits you.
* * * LOW HITPOINT WARNING * * *
The phantom attacks as you move away! The phantom misses you.
The phantom attacks as you move away! The phantom misses you.
Welcome back, edsrzf the Demonspawn Conjurer.
Game seed: 8611342615672505061 (custom seed) Press ? for a list of commands and other information.
You see here a +0 robe.
The phantom attacks as you move away!
The phantom hits you but does no damage.
The phantom attacks as you move away!
The phantom hits you but does no damage.
The phantom attacks as you move away! The phantom hits you.
* * * LOW HITPOINT WARNING * * *
The phantom attacks as you move away! The phantom hits you.
* * * LOW HITPOINT WARNING * * *
Okay, then.
The phantom attacks as you move away! The phantom hits you.
You die...

########### #......# ..........#
#.####.# #########.## #.# #.# #
##...## #.# #.###### # ##.###.##
#.# #....... # ##.## ##.## #.#
#.###### # ##.## ##.#######.####.#
# #..# #.##.........#.# # #..##
##..W@####>##.#.###### # #.#.##
##..........##.#....... #
#.##.###.##...#######.#..#####
####.###...####..# #.#..#
..........#.###..# #.#..#
.........###.##..#######.#..#####
####.#.##.#.###......ยง...........
#..#.##.####..###.#####..####.
#.###.#....).............# #.


You could see a phantom.

Vanquished Creatures
  2 adders (D:2)
  3 dart slugs
  An orc (D:3)
  4 ball pythons
  An endoplasm (D:2)
  3 giant cockroaches
  13 goblins
  6 hobgoblins
  6 kobolds
  3 quokkas
  4 bats (D:3)
  6 frilled lizards
  2 rats
54 creatures vanquished.

Notes
Turn   | Place    | Note
-------+----------+-------------------------------------------
     0 | D:1      | edsrzf the Demonspawn Conjurer began the quest for the Orb.
     0 | D:1      | Reached XP level 1. HP: 13/13 MP: 3/3
   643 | D:1      | Gained mutation: You have a pair of small antennae on your
                  | head. [demonic ancestry]
   643 | D:1      | Reached XP level 2. HP: 12/19 MP: 0/5
   896 | D:1      | Found a faded altar of an unknown god.
  1629 | D:2      | Reached skill level 5 in Conjurations
  1641 | D:2      | Reached XP level 3. HP: 24/24 MP: 4/6
  2225 | D:2      | Identified the +5 short sword of Irritation {antimagic,
                  | Drain rN+++ Int+4 Stlth+}
  2526 | D:3      | Gained mutation: You are partially covered in icy blue
                  | scales. (AC +2) [demonic ancestry]
  2526 | D:3      | Reached XP level 4. HP: 30/30 MP: 3/7
  3384 | D:4      | Noticed Duvessa
  3384 | D:4      | Noticed Dowan
  3384 | D:4      | Noticed a phantom
  3453 | D:3      | Slain by a phantom

Illustrated notes

Levels and vault maps discovered:
D:1:      matt_arrival_spirals, layout_basic, basic_ecumenical_altar
D:2:      layout_rooms
D:3:      layout_loops_ring, minmay_goblin_outpost
D:4:      layout_basic, nemelex_dance_club_becter, minmay_circle_x, uniq_duvessa

Skill      XL: |  1  2 |
---------------+-------+-----
Conjurations   | 5 |  5.8
Dodging        | |  1.7
Stealth        | |  1.7
Spellcasting   | |  2.0

Action                   |  1- 3 |  4- 6 || total
-------------------------+-------+-------++-------
Melee: Unarmed           |    12 |       ||    12
       Dagger            |       |     5 ||     5
 Cast: Magic Dart        |    82 |    24 ||   106
 Stab: Sleeping          |       |     1 ||     1
Armor: Robe              |     1 |     3 ||     4
Dodge: Dodged            |    14 |    10 ||    24

Table legend: (Time is in decaauts)
 A = Elapsed time spent in this place.
 B = Non-inter-level travel time spent in this place.
 C = Inter-level travel time spent in this place.
 D = Time resting spent in this place.
 E = Time spent auto-exploring this place.
 F = Levels seen in this place.
 G = Mean time per level.
                   A        B        C        D        E       F      G
               +--------+--------+--------+--------+--------+-----+--------+
         Total |   3452 |   3357 |     95 |    907 |   2102 |   4 |  863.0 |
       Dungeon |   3452 |   3357 |     95 |    907 |   2102 |   4 |  863.0 |
               +--------+--------+--------+--------+--------+-----+--------+

Top non-repeatable levels by time:
     D:1: 1514 daAuts
     D:3: 980 daAuts
     D:2: 955 daAuts
     D:4: 2 daAuts
